 Dungeon Sprint DCSS version bcrawl-1.23.1 (webtiles) character file.

Game seed: 13532129012568636280

55 pasperui the Grappler (level 3, -6/31 HPs)
             Began as a Ghoul Monk on May 26, 2020.
             Was a Priest of Wu Jian.
             Mangled by Duvessa
             ... wielding a +2 short sword of protection
              (15 damage)
             ... in the Dungeon (Sprint VII: "The Pits").
             The game lasted 00:01:25 (192 turns).

pasperui the Grappler (Ghoul Monk)                   Turns: 192, Time: 00:01:25

Health: -6/31      AC:  2    Str: 15    XL:     3   Next: 93%
Magic:  0/3        EV: 13    Int:  5    God:    Wu Jian [***...]
Gold:   0          SH:  0    Dex: 11    Spells: 2/2 levels left

rFire    . . .     SeeInvis .     - Unarmed
rCold    + . .     Gourm    .   (no shield)
rNeg     + + +     Faith    .   a - +0 robe
rPois    ∞         Spirit   +   b - +0 hat
rElec    .         Reflect  .   (no cloak)
rCorr    .         Harm     .   (no gloves)
MR       .....     NoTele   +   (no boots)
Stlth    ++........             c - amulet of guardian spirit
HPRegen  0.00/turn              (no ring)
MPRegen  0.08/turn              (no ring)

@: rotting
A: rotting body, claws 1, carnivore, cold resistance 1, negative energy
resistance 3, inhibited regeneration, torment resistance, unbreathing
a: Wall Jump, Serpent's Lash, Renounce Religion


You were in the Dungeon.
You worshipped Wu Jian.
Wu Jian was most pleased with you.
You were not hungry.

You visited 1 branch

Inventory:

Missiles
 q - 10 stones (quivered)
Armour
 a - a +0 robe (worn)
 b - a +0 hat (worn)
Magical Staves
 r - an uncursed staff of energy
Jewellery
 c - an amulet of guardian spirit (around neck)
Scrolls
 d - 4 scrolls of remove curse
 k - a scroll of blinking
 m - 2 scrolls of vulnerability
 n - 5 scrolls of amnesia
 o - a scroll of summoning
Potions
 g - a potion of heal wounds
 h - a potion of haste
 i - 4 potions of magic
 j - 3 potions of berserk rage
 l - 2 potions of invisibility
 p - a potion of curing
Comestibles
 e - 8 rations {!d}


   Skills:
 - Level 3.4 Fighting
 - Level 2.8 Dodging
 - Level 2.4 Stealth
 * Level 8.5 Unarmed Combat
   Level 2.1 Invocations


You had 2 spell levels left.
You didn't know any spells.
Your spell library was empty.

Dungeon Overview and Level Annotations

Branches:
Dungeon (1/1)

Altars:
Ashenzari
Cheibriados
Dithmenos
Elyvilon
Fedhas
Gozag
Hepliaklqana
Kikubaaqudgha
Lugonu
Makhleb
Nemelex Xobeh
Okawaru
Qazlal
Ru
Sif Muna
Trog
Uskayaw
Vehumet
Wu Jian
Xom
Yredelemnul
Zin
The Shining One
Beogh
Jiyva

Annotations:
D Duvessa


Innate Abilities, Weirdness & Mutations

Your body is rotting away.
You thrive on raw meat.
You are immune to poison.
You have sharp fingernails.
You are carnivorous and can eat meat at any time.
Your flesh is cold resistant. (rC+)
You are immune to negative energy. (rN+++)
You do not regenerate when monsters are visible.
You are immune to unholy pain and torment.
You can survive without breathing.


Message History

You open the door.
There is an open door here.
You see here a frilled lizard skeleton.
Items here: )) [ †† a +0 dagger; a cursed +0 robe; a cursed -2 club; the elf corpse of Dowan a giant cockroach corpse Duvessa shouts!
Duvessa goes berserk!
Duvessa hits you with a +2 short sword of protection.
There is an open door here.
You spin and attack Duvessa.
You closely miss Duvessa. Duvessa hits you but does no damage.
You cannot raise a blood rage in your lifeless body.
Unknown command.
You scratch Duvessa but do no damage.
Duvessa hits you with a +2 short sword of protection!!
Ouch! That really hurt!
* * * LOW HITPOINT WARNING * * *
Duvessa hits you with a +2 short sword of protection!
You die...

#_______...###########
##########'##.........
#....')))'.##......#..
##########.##.........
#...........'.........
#+#####'#####......#..
#...#÷# #.........
#..e#)# ####'#####
#..@'.# #.......#
##'#### #.......#
#....s# #.......#
#...s.# #...<...#
#....... #.......#
#......ee##.......#
###########.......#
#########


You could see Duvessa (berserk).

Vanquished Creatures
  Dowan (D)
  A bat zombie (D)
  A giant cockroach (D)
  A goblin (D)
  2 frilled lizards (D)
  A quokka zombie (D)
  A rat (D)
8 creatures vanquished.

Notes
Turn   | Place    | Note
-------+----------+-------------------------------------------
     0 | D        | pasperui the Ghoul Monk began the quest for the Orb.
     0 | D        | Reached XP level 1. HP: 19/19 MP: 1/1
    16 | D        | Found a bloodstained altar of Trog.
    16 | D        | Found a shimmering blue altar of Sif Muna.
    16 | D        | Found a viscous altar of Jiyva.
    16 | D        | Found a hazy altar of Hepliaklqana.
    16 | D        | Found an opulent altar of Gozag.
    17 | D        | Found a glowing golden altar of the Shining One.
    17 | D        | Found a glowing silver altar of Zin.
    17 | D        | Found a basalt altar of Yredelemnul.
    17 | D        | Found a shimmering altar of Xom.
    17 | D        | Found an ornate altar of the Wu Jian Council.
    17 | D        | Found a sacrificial altar of Ru.
    17 | D        | Found a stormy altar of Qazlal.
    17 | D        | Found an iron altar of Okawaru.
    17 | D        | Found a sparkling altar of Nemelex Xobeh.
    17 | D        | Found a burning altar of Makhleb.
    17 | D        | Found a blossoming altar of Fedhas.
    17 | D        | Found a white marble altar of Elyvilon.
    17 | D        | Found a shadowy altar of Dithmenos.
    17 | D        | Found a snail-covered altar of Cheibriados.
    18 | D        | Found a radiant altar of Vehumet.
    18 | D        | Found a corrupted altar of Lugonu.
    18 | D        | Found a roughly hewn altar of Beogh.
    19 | D        | Found a hide-covered altar of Uskayaw.
    19 | D        | Found an ancient bone altar of Kikubaaqudgha.
    19 | D        | Found a shattered altar of Ashenzari.
    25 | D        | Became a worshipper of the Wu Jian Council
    25 | D        | Reached * piety under Wu Jian
    25 | D        | Reached ** piety under Wu Jian
    64 | D        | Reached skill level 4 in Unarmed Combat
    81 | D        | Noticed Duvessa
    81 | D        | Noticed Dowan
    87 | D        | Reached *** piety under Wu Jian
    90 | D        | Reached skill level 5 in Unarmed Combat
    90 | D        | Reached XP level 2. HP: 23/26 MP: 2/2
   103 | D        | Killed Dowan
   103 | D        | Reached skill level 8 in Unarmed Combat
   103 | D        | Reached XP level 3. HP: 14/31 MP: 1/3
   192 | D        | Mangled by Duvessa

Skill      XL: |  1  2 |
---------------+-------+-----
Unarmed Combat | 5 8 |  8.5
Fighting       | |  3.4
Dodging        | |  2.8
Stealth        | |  2.4
Invocations    | |  2.1

Action                   || total
-------------------------++-------
Melee: Unarmed           ||    26
       Punch             ||     1
Invok: Whirlwind         ||     1
 Stab: Sleeping          ||     2
  Eat: Chunk             ||     2
Armor: Robe              ||     1
Dodge: Dodged            ||     6
